 Dungeon Crawl Stone Soup version 0.28-a0-1513-ge4f4046303 (webtiles) character file.

Game seed: 4407620354074636464

1054 Anathary the Magician (level 8, -8/54 HPs)
             Began as a Djinni Fire Elementalist on Jan 16, 2022.
             Mangled by a yak (14 damage)
             ... on level 5 of the Dungeon.
             The game lasted 00:25:36 (7560 turns).

Anathary the Magician (Djinni Fire Elementalist)    Turns: 7560, Time: 00:25:38

Health: -8/54      AC:  3    Str:  9    XL:     8   Next: 51%
Gold:   162        EV: 13    Int: 17    God:
                   SH:  0    Dex: 14

rFire   + + .      SeeInvis .   m - +2 dagger (venom)
rCold   x . .      Faith    .   (no shield)
rNeg    . . .      Spirit   .   r - +0 leather armour
rPois   ∞          Reflect  .   (no helmet)
rElec   .          Harm     .   (no cloak)
rCorr   .          Rampage  .   (no gloves)
Will    +....                   (boots unavailable)
Stlth   ++........              (no amulet)
HPRegen 0.18/turn               b - ring of willpower
MPRegen 0.00/turn               (no ring)

@: flying
A: sickness immunity, fire resistance 2, cold vulnerability 1, float, innate
caster, hp casting, extra vitality 1
a: no special abilities


You were on level 5 of the Dungeon.
You visited 1 branch of the dungeon, and saw 5 of its levels.

You collected 162 gold pieces.

Inventory:

Hand Weapons
 d - a +0 dagger of venom
 l - a +1 whip of holy wrath
 m - a +2 dagger of venom (weapon)
Armour
 a - a +0 robe
 r - a +0 leather armour (worn)
 s - an orb of wrath
Jewellery
 b - a ring of willpower (left hand)
Wands
 o - a wand of polymorph (14)
Scrolls
 f - 3 scrolls of identify
 h - 2 scrolls of brand weapon
 j - a scroll of immolation
 q - a scroll of teleportation
Potions
 c - a potion of degeneration
 i - 2 potions of curing {unknown}
 n - a potion of flight {unknown}
 p - 2 potions of heal wounds {unknown}


   Skills:
 + Level 2.0 Fighting
 + Level 2.0 Short Blades
 + Level 3.2 Armour
 + Level 4.6 Dodging
 + Level 2.9 Stealth
 + Level 5.4 Spellcasting


You couldn't memorise any spells.
You knew the following spells:

 Your Spells              Type           Power      Damage    Failure   Level
a - Foxfire               Conj/Fire      92%        2x1d8     1%          1
b - Scorch                Fire           46%        2d7       3%          2
c - Conjure Flame         Conj/Fire      23%        6-21      6%          3
d - Inner Flame           Hex/Fire       23%        N/A       6%          3
e - Flame Wave            Conj/Fire      23%        2d6       19%         4
f - Sandblast             Erth           46%        2d11      1%          1
g - Passwall              Tmut/Erth      19%        N/A       3%          2
h - Frozen Ramparts       Ice            46%        1d6       6%          3
Your spell library was empty.

Dungeon Overview and Level Annotations

Branches:
Dungeon (5/15)
 Temple: D:4-7

Altars:

Shops:
D:1 *   D:3 :


Innate Abilities, Weirdness & Mutations

You are immune to sickness and miasma.
You are immune to poison.
Your flesh is very heat resistant. (rF++)
You are vulnerable to cold. (rC-)
You float through the air rather than walking.
You learn spells naturally, not from books.
Your magical power is your life essence.
You have superior vitality. (+4 MHP)


Message History

The foxfire hits the yak but does no damage.
The yak is severely wounded.
The yak gores you.
Casting: Foxfire (safe; 2% risk of failure)
Confirm with . or Enter, or press ? or * to list all spells.
You conjure some foxfire!
The yak barely misses you.
The foxfire hits the yak but does no damage.
The yak is severely wounded.
The foxfire hits the yak.
The yak is almost dead.
The yak gores you!
Casting: Foxfire (safe; 2% risk of failure)
Confirm with . or Enter, or press ? or * to list all spells.
You conjure some foxfire!
The adder misses you. x2; The yak gores you.
The foxfire hits the yak but does no damage.
The yak is almost dead.
The foxfire hits the yak.
You kill the yak!
The adder misses you.
Your Fighting skill increases to level 2!
Your Short Blades skill increases to level 2!
Your Armour skill increases to level 3!
Casting: Foxfire (safe; 1% risk of failure)
Confirm with . or Enter, or press ? or * to list all spells.
You conjure some foxfire!
The adder bites you. The yak gores you!
* * * LOW HITPOINT WARNING * * *
You completely miss the yak.
The foxfire hits the yak but does no damage.
The foxfire hits the yak!
The yak is lightly wounded.
The adder bites you but does no damage. The yak barely misses you.
The adder barely misses you.
Casting: Foxfire (safe; 1% risk of failure)
Confirm with . or Enter, or press ? or * to list all spells.
You conjure some foxfire!
* * * LOW HITPOINT WARNING * * *
The adder bites you.
* * * LOW HITPOINT WARNING * * *
The yak gores you!
You die...

#...#..........##
#...##....>......#
#...#
##..........# ..##
#..........# #
##.........##
##...<.....#
#.........## ####
##.....YYS..#
#..##
##..#...v@##.#
#...##
#..###..v.##..#
#....###.##
##...###..#
#.....#.## #####
..# #.......# ...
#.......# #Y..
#.......# ..S.
#......## .....
#....###


You could see 2 yaks and an adder (ally target).

Vanquished Creatures
  2 yaks (D:5)
  A necrophage (D:5)
  3 ogres
  A kobold brigand (D:4)
  A scorpion (D:4)
  A hound (D:4)
  A jelly (D:4)
  A centaur skeleton (D:4)
  3 iguanas
  4 adders
  An adder skeleton (D:4)
  4 dart slugs
  4 orcs (D:3)
  8 ball pythons
  8 endoplasms
  4 giant cockroaches
  5 goblins
  9 hobgoblins
  7 jackals
  5 quokkas
  7 bats
  3 frilled lizards (D:1)
  4 kobolds
  A quokka skeleton (D:4)
  7 rats
95 creatures vanquished.

Vanquished Creatures (collateral kills)
  A foxfire (D:2)
1 creature vanquished.

Vanquished Creatures (others)
  202 foxfires
  16 plants (D:2)
218 creatures vanquished.

Grand Total: 314 creatures vanquished

Notes
Turn   | Place    | Note
-------+----------+-------------------------------------------
     0 | D:1      | Anathary the Djinni Fire Elementalist began the quest for
                  | the Orb.
     0 | D:1      | Reached XP level 1. HP: 15/15 MP: 0/0
   230 | D:1      | Reached XP level 2. HP: 6/21 MP: 0/0
   998 | D:1      | Found Cuj Memm's Assorted Antiques.
  1320 | D:1      | Reached skill level 3 in Spellcasting
  1395 | D:1      | Reached XP level 3. HP: 24/25 MP: 0/0
  1395 | D:1      | Learned a level 1 spell: Sandblast
  2285 | D:2      | Reached XP level 4. HP: 28/31 MP: 0/0
  3443 | D:3      | Reached XP level 5. HP: 27/35 MP: 0/0
  3443 | D:3      | Learned a level 2 spell: Passwall
  3709 | D:3      | Found Uteefiwk's Book Emporium.
  3946 | D:3      | Identified the +0 kite shield of Free Will {Dex+4}
  4150 | D:4      | Noticed a kobold brigand
  4167 | D:4      | Killed a kobold brigand
  4168 | D:4      | Reached skill level 1 in Fighting
  4168 | D:4      | Reached skill level 4 in Spellcasting
  4168 | D:4      | Reached XP level 6. HP: 32/42 MP: 0/0
  4480 | D:4      | Reached skill level 1 in Short Blades
  4716 | D:4      | Noticed an ogre
  4730 | D:4      | Killed an ogre
  4741 | D:4      | Reached skill level 1 in Armour
  4999 | D:4      | Reached XP level 7. HP: 38/47 MP: 0/0
  4999 | D:4      | Learned a level 3 spell: Frozen Ramparts
  6974 | D:5      | Entered Level 5 of the Dungeon
  7312 | D:5      | Reached skill level 5 in Spellcasting
  7312 | D:5      | Reached XP level 8. HP: 52/54 MP: 0/0
  7355 | D:5      | Noticed a yak
  7355 | D:5      | Noticed a yak
  7374 | D:5      | Killed a yak
  7543 | D:5      | Noticed a yak
  7544 | D:5      | Noticed a yak
  7557 | D:5      | Killed a yak
  7560 | D:5      | Mangled by a yak

Illustrated notes

Levels and vault maps discovered:
D:1:      lightli_arrival_chessboard, layout_loops_cross, serial_shops, shop,
          minmay_tetromino_t4
D:2:      layout_loops_cross, serial_bayou_lake_a
D:3:      layout_basic, serial_shops, nicolae_square_shop, columned_hall_lemuel
D:4:      wander_river, layout_loops_cross
D:5:      layout_cave_pods

Skill      XL: |  1  2  3  4  5  6  7  8 |
---------------+-------------------------+-----
Spellcasting   | 3 4 5 |  5.4
Dodging        | 3 4 |  4.6
Stealth        | 2 |  2.9
Fighting       | 1 2 |  2.0
Short Blades   | 1 2 |  2.0
Armour         | 1 2 3 |  3.2

Action                   |  1- 3 |  4- 6 |  7- 9 || total
-------------------------+-------+-------+-------++-------
Melee: Unarmed           |     1 |       |       ||     1
       Dagger            |    36 |    94 |    19 ||   149
       Punch             |     1 |     1 |       ||     2
       Whip              |       |    11 |       ||    11
 Cast: Foxfire           |    45 |    56 |    28 ||   129
       Scorch            |       |       |    19 ||    19
  Use: Scroll            |       |       |     7 ||     7
 Stab: Sleeping          |     1 |       |       ||     1
Armor: Robe              |    18 |    16 |       ||    34
       Leather armour    |       |     9 |     6 ||    15
Dodge: Dodged            |    64 |    89 |    34 ||   187

Table legend: (Time is in decaauts)
 A = Elapsed time spent in this place.
 B = Non-inter-level travel time spent in this place.
 C = Inter-level travel time spent in this place.
 D = Time resting spent in this place.
 E = Time spent auto-exploring this place.
 F = Levels seen in this place.
 G = Mean time per level.
                   A        B        C        D        E       F      G
               +--------+--------+--------+--------+--------+-----+--------+
         Total |   7555 |   7332 |    223 |   4520 |   1161 |   5 | 1511.0 |
       Dungeon |   7555 |   7332 |    223 |   4520 |   1161 |   5 | 1511.0 |
               +--------+--------+--------+--------+--------+-----+--------+

Top non-repeatable levels by time:
     D:4: 2944 daAuts
     D:1: 2108 daAuts
     D:2: 1114 daAuts
     D:3: 803 daAuts
     D:5: 584 daAuts
